 Dungeon Crawl Stone Soup version 0.28-a0-1184-g53156a8862 (webtiles) character file.

Game seed: 8732800792982520317

526966 blank1 the Conqueror (level 24, -2/273 HPs)
             Began as a Minotaur Fighter on Dec 16, 2021.
             Was an Elder of Yredelemnul.
             Slain by a deep elf blademaster (29 damage)
             ... on level 4 of the Depths on Dec 17, 2021.
             The game lasted 02:33:20 (44467 turns).

blank1 the Conqueror (Minotaur Fighter)            Turns: 44467, Time: 02:33:21

Health: -2/273     AC: 48    Str: 35    XL:     24   Next: 29%
Magic:  35/35      EV: 19    Int:  7    God:    Yredelemnul [****..]
Gold:   7290       SH: 16    Dex: 18    Spells: 25/25 levels left

rFire   + + +      SeeInvis +   c - +9 demon trident (flame)
rCold   + + +      Faith    .   T - +2 shield of Resistance {rF++ rC++ Will++}
rNeg    . . .      Spirit   .   S - +9 scales of the Dragon King {rPois rF+ rC+ Will+}
rPois   +          Reflect  .   n - +2 hat {Will+}
rElec   +          Harm     .   h - +2 cloak {Will+}
rCorr   .          Rampage  .   N - +2 pair of gloves {Dex+3}
Will    +++++                   e - +0 pair of boots {Fly}
Stlth   ..........              R - amulet of regeneration
HPRegen 1.35/turn               A - +6 ring of strength
MPRegen 0.24/turn               U - ring "Xako Jabra" {Wiz rElec Str+3 Int+2 Stlth+}

@: flying, studying Maces & Flails
A: horns 2, retaliatory headbutt, see invisible, clumsy 1, cold resistance 1,
robust 1, wild magic 1, MP-powered wands
}: 3/15 runes: decaying, silver, gossamer
a: Renounce Religion, Recall Undead Harvest, Dark Bargain, Drain Life


You were on level 4 of the Depths.
You worshipped Yredelemnul.
Yredelemnul was most pleased with you.
You visited 7 branches of the dungeon, and saw 40 of its levels.
You visited 2 bazaars.
You also visited: Ossuary, Gauntlet, Ice Cave, Volcano and Wizlab.

You collected 7728 gold pieces.
You spent 438 gold pieces at shops.

Inventory:

Hand Weapons
 c - a +9 demon trident of flaming (weapon)
 y - the +12 falchion of Carchus {distort, Fly rC+++ Will++ Stlth-}
   (You found it on level 3 of the Swamp)

   It warps and distorts space around it, and may blink, banish, or inflict
   extra damage upon those it strikes.
   Unwielding it can cause banishment or high damage.
   rC:        It renders you almost immune to cold.
   Fly:       It grants you flight.
   Will:      It greatly increases your willpower.
   Stlth:     It makes you less stealthy.
 V - the +9 rapier "Tyr Aqy" {vorpal, Str+2 Int+3 Stlth-}
   (You took it off a minotaur in a Gauntlet)

   It inflicts extra damage upon your enemies.
   Str:       It affects your strength (+2).
   Int:       It affects your intelligence (+3).
   Stlth:     It makes you less stealthy.
Missiles
 H - 3 throwing nets (quivered)
Armour
 e - a +0 pair of boots of flying (worn)
 h - a +2 cloak of willpower (worn)
 n - a +2 hat of willpower (worn)
 N - a +2 pair of gloves of dexterity (worn)
 S - the +9 scales of the Dragon King (worn) {rPois rF+ rC+ Will+}
   (You found it on level 3 of the Lair of Beasts)

   rF:        It protects you from fire.
   rC:        It protects you from cold.
   rPois:     It protects you from poison.
   Will:      It increases your willpower.
 T - the +2 shield of Resistance (worn) {rF++ rC++ Will++}
   (You found it in a Gauntlet)

   rF:        It greatly protects you from fire.
   rC:        It greatly protects you from cold.
   Will:      It greatly increases your willpower.
Jewellery
 A - a +6 ring of strength (left hand)
 J - a ring of see invisible
 R - an amulet of regeneration (around neck)
 U - the ring "Xako Jabra" (right hand) {Wiz rElec Str+3 Int+2 Stlth+}
   (You took it off a minotaur in a Gauntlet)

   [ring of wizardry]

   It improves your spell success rate.
   Str:       It affects your strength (+3).
   Int:       It affects your intelligence (+2).
   rElec:     It insulates you from electricity.
   Stlth:     It makes you more stealthy.
Wands
 f - a wand of polymorph (15)
 p - a wand of flame (120)
 t - a wand of charming (4)
 x - a wand of iceblast (34)
 C - a wand of mindburst (1)
 K - a wand of digging (16)
 L - a wand of acid (35)
 M - a wand of paralysis (1)
Scrolls
 g - 5 scrolls of fear
 i - a scroll of enchant armour
 j - 16 scrolls of teleportation
 m - 23 scrolls of identify
 o - 2 scrolls of vulnerability
 r - 2 scrolls of enchant weapon
 s - 3 scrolls of holy word
 v - 10 scrolls of fog
 D - 3 scrolls of magic mapping
 G - 5 scrolls of blinking
 I - 10 scrolls of amnesia
Potions
 a - 10 potions of ambrosia
 b - 14 potions of brilliance
 d - 10 potions of might
 k - 6 potions of heal wounds
 l - 3 potions of lignification
 q - 24 potions of curing
 u - 5 potions of magic
 w - 11 potions of flight
 z - 10 potions of mutation
 B - 5 potions of invisibility
 E - 4 potions of haste
 F - 6 potions of attraction
 O - 4 potions of berserk rage
 P - 5 potions of cancellation
 Q - 2 potions of resistance


   Skills:
 O Level 27 Fighting
 - Level 4.0 Maces & Flails
 - Level 15.0 Polearms
 + Level 26.5 Armour
 - Level 21.0 Dodging
 - Level 16.0 Shields
 - Level 1.0 Spellcasting
 - Level 18.0 Invocations


You had 25 spell levels left.
You didn't know any spells.
Your spell library contained the following spells:

 Spells                   Type           Power      Damage    Failure   Level
 Animate Skeleton         Necr           0%         N/A       63%         1
 Apportation              Tloc           0%         N/A       63%         1
 Pain                     Necr           0%         1d4       63%         1
 Sandblast                Erth           0%         2d4       63%         1
 Shock                    Conj/Air       0%         1d3       63%         1
 Sting                    Tmut/Pois      0%         1d3       63%         1
 Summon Small Mammal      Summ           0%         N/A       63%         1
 Blink                    Tloc           0%         N/A       75%         2
 Call Imp                 Summ           0%         N/A       75%         2
 Corpse Rot               Necr/Air       0%         N/A       75%         2
 Ensorcelled Hibernation  Hex/Ice        0%         N/A       75%         2
 Poisonous Vapours        Pois/Air       0%         N/A       75%         2
 Searing Ray              Conj           0%         2d4       75%         2
 Static Discharge         Conj/Air       0%         N/A       75%         2
 Sublimation of Blood     Necr           0%         N/A       75%         2
 Wereblood                Tmut           0%         N/A       75%         2
 Call Canine Familiar     Summ           0%         N/A       92%         3
 Conjure Flame            Conj/Fire      0%         6-21      92%         3
 Dazzling Flash           Conj/Hex       0%         N/A       92%         3
 Gell's Gravitas          Tloc           0%         N/A       92%         3
 Ignite Poison            Fire/Tmut/Pois 0%         N/A       92%         3
 Lesser Beckoning         Tloc           0%         N/A       92%         3
 Mephitic Cloud           Conj/Pois/Air  0%         N/A       92%         3
 Ozocubu's Armour         Ice            0%         N/A       92%         3
 Portal Projectile        Hex/Tloc       0%         N/A       92%         3
 Stone Arrow              Conj/Erth      0%         3d7       92%         3
 Teleport Other           Tloc           0%         N/A       92%         3
 Tukima's Dance           Hex            0%         N/A       92%         3
 Airstrike                Air            0%         N/A       100%        4
 Animate Armour           Summ/Erth      0%         N/A       100%        4
 Cause Fear               Hex            0%         N/A       100%        4
 Dispel Undead            Necr           0%         3d6       100%        4
 Fulminant Prism          Conj/Hex       0%         3d6       100%        4
 Hailstorm                Conj/Ice       0%         3d3       100%        4
 Iskenderun's Mystic Bla  Conj/Tloc      0%         2d3       100%        4
 Leda's Liquefaction      Hex/Erth       0%         N/A       100%        4
 Olgreb's Toxic Radiance  Pois           0%         N/A       100%        4
 Passage of Golubria      Tloc           0%         N/A       100%        4
 Petrify                  Tmut/Erth      0%         N/A       100%        4
 Sticky Flame             Conj/Fire      0%         2d3       100%        4
 Summon Ice Beast         Ice/Summ       0%         N/A       100%        4
 Summon Lightning Spire   Summ/Air       0%         N/A       100%        4
 Agony                    Necr           0%         N/A       100%        5
 Alistair's Intoxication  Tmut/Pois      0%         N/A       100%        5
 Borgnjor's Vile Clutch   Necr/Erth      0%         N/A       100%        5
 Excruciating Wounds      Necr           0%         N/A       100%        5
 Fireball                 Conj/Fire      0%         3d3       100%        5
 Freezing Cloud           Conj/Ice/Air   0%         6-21      100%        5
 Irradiate                Conj/Tmut      0%         3d13      100%        5
 Iskenderun's Battlesphe  Conj           0%         2d6       100%        5
 Lightning Bolt           Conj/Air       0%         1d11      100%        5
 Manifold Assault         Tloc           0%         N/A       100%        5
 Metabolic Englaciation   Hex/Ice        0%         N/A       100%        5
 Summon Mana Viper        Hex/Summ       0%         N/A       100%        5
 Yara's Violent Unravell  Hex/Tmut       0%         3d3       100%        5
 Conjure Ball Lightning   Conj/Air       0%         3x3d6     100%        6
 Dispersal                Tloc           0%         N/A       100%        6
 Eringya's Noxious Bog    Tmut/Pois      0%         N/A       100%        6
 Starburst                Conj/Fire      0%         6d3       100%        6
 Statue Form              Tmut/Erth      0%         N/A       100%        6
 Malign Gateway           Summ/Tloc      0%         N/A       100%        7
 Monstrous Menagerie      Summ           0%         N/A       100%        7
 Orb of Destruction       Conj           0%         N/A       100%        7
 Ozocubu's Refrigeration  Ice            0%         4d5       100%        7
 Spellforged Servitor     Conj/Summ      0%         N/A       100%        7
 Storm Form               Tmut/Air       0%         N/A       100%        7
 Summon Hydra             Summ           0%         N/A       100%        7
 Disjunction              Tloc           0%         N/A       100%        8
 Lehudib's Crystal Spear  Conj/Erth      0%         10d2      100%        8
 Maxwell's Capacitive Co  Air            0%         ∞         100%        8
 Chain Lightning          Conj/Air       0%         N/A       100%        9


Dungeon Overview and Level Annotations

Branches:
Dungeon (15/15)            Temple (0/1) D:7            Lair (6/6) D:11
  Swamp (4/4) Lair:3       Spider (4/4) Lair:4        Slime (0/5) Lair:6
    Orc (2/2) D:12            Elf (0/3) Orc:2        Vaults (5/5) D:14
  Crypt (0/3) Vaults:3     Depths (4/4) D:15        Ossuary (visited)
  IceCv (visited)         Volcano (visited)          WizLab (visited)
Gauntlet (visited)
    Zot: Depths:4

Altars:
Ashenzari
Cheibriados
Elyvilon
Fedhas
Hepliaklqana
Kikubaaqudgha
Makhleb
Nemelex Xobeh
Okawaru
Ru
Sif Muna
Trog
Vehumet
Wu Jian
Xom
Yredelemnul
The Shining One
Beogh
Lugonu

Shops:
D:1 (   D:6 *   D:7 !   D:13 (   D:15 [   Orc:2 [*(?   Vaults:1 [

Portals:
Hell: Depths:1 Depths:2 Depths:3
Abyss: Depths:2 Depths:3
Pandemonium: Depths:2
Ziggurat: Depths:1
Trove: D:15 (give 4 potions of resistance)

Annotations:
Lair:3 exclusion: 3 oklob plants
Orc:2 2 transporters, jejorda2's ghost, adept GrBe


Innate Abilities, Weirdness & Mutations

You have a pair of horns on your head.
You reflexively headbutt those who attack you in melee.
You have supernaturally acute eyesight. (SInv)
You are clumsy. (Dex -2)
Your flesh is cold resistant. (rC+)
You are robust. (+10% HP)
Your spells are a little harder to cast, but a little more powerful.
You expend magic power (3 MP) to strengthen your wands.


Message History

The arrow hits your deep troll earth mage zombie!!
You block the deep elf blademaster's attack.
The deep elf blademaster hits you but does no damage.
Your fire giant zombie closely misses the deep elf blademaster.
You swap places.
The doom hound bites your fire giant zombie!!
The doom hound claws your fire giant zombie!!
Your fire giant zombie is destroyed!
You block the deep elf blademaster's attack.
The deep elf blademaster hits you with a +6 lajatang!
* * * LOW HITPOINT WARNING * * *
The deep elf master archer shoots an arrow.
You block the arrow.
Your deep troll earth mage zombie bites the deep elf blademaster.
Your deep troll earth mage zombie barely misses the deep elf blademaster.
Your deep troll earth mage zombie completely misses the deep elf blademaster.
The hellephant blinks!
The deep elf master archer shoots an arrow.
The arrow hits you!!
* * * LOW HITPOINT WARNING * * *
x2 The hellephant blinks!
You can no longer bind living souls.
The doom hound bites your deep troll earth mage zombie!
The doom hound claws your deep troll earth mage zombie but does no damage.
You block the deep elf blademaster's attack.
The deep elf blademaster completely misses you.
Your deep troll earth mage zombie bites the doom hound.
Your deep troll earth mage zombie misses the doom hound.
Your deep troll earth mage zombie claws the doom hound.
You completely miss the deep elf blademaster.
Your headbutt misses the deep elf blademaster.
The deep elf blademaster is almost dead.
Your salamander zombie closely misses the deep elf blademaster.
The tengu conjurer mumbles some strange words.
The tengu conjurer conjures a globe of magical energy!
The doom hound completely misses your deep troll earth mage zombie.
The doom hound claws your deep troll earth mage zombie!
The deep elf blademaster hits you with a +6 lajatang!!
You die...
Your body rises from the dead as a mindless zombie.

......#####.#### .
.....#.§§≈≈.≈... .≈
....#.§≈≈≈...§. .≈Q
#....≈....§... .≈≈.
♣♣♣♣♣♣♣♣♣#....§........
≈...♣...e♣Z..(......###...≈
...♣..♣.Qhe@Z.........#....≈
.e....*Y♣.ZZ.......ZZZZ...(.
..§.......♣.♣.#.##.....ZZZ.Z
....♣♣♣♣♣♣♣♣♣♣#.####........
... #.# #........# .. ..#
##....##.# ### ##...####
##### . #


You could see a hellephant, a doom hound (ally target), a deep elf blademaster
(ally target), a deep elf master archer (ally target), a tengu conjurer, a
battlesphere, a friendly fire dragon zombie, a friendly deep troll zombie, a
friendly salamander zombie and a friendly deep troll earth mage zombie.

Vanquished Creatures
  A dread lich (Vaults:5)
  An ancient lich (Vaults:4)
  Sojobo (Vaults:3)
  Saint Roka (D:15)
  Xtahua (Vaults:4)
  A golden dragon (Vaults:5)
  6 tentacled monstrosities
  3 liches
  Rupert (D:13)
  2 titans (Vaults:5)
  2 quicksilver dragons
  6 sphinxes
  2 thorn hunters (Swamp:4)
  2 shadow dragons
  Gastronok (Lair:2)
  The ghost of Kacaoki the Warrior, an adept MiBe of Trog (Swamp:2)
  6 tengu reavers
  4 storm dragons
  4 fenstrider witches
  9 fire giants
  A deep elf sorcerer (Vaults:5)
  Aizul (Vaults:4)
  17 vault wardens
  5 frost giants
  4 ghost moths
  A cacodemon (Gauntlet)
  A balrug (Depths:2)
  2 emperor scorpions
  A draconian stormcaller (WizLab)
  A spriggan defender (Depths:2)
  3 ghouls
  11 ironbound preservers
  5 ironbound thunderhulks
  10 stone giants
  2 war gargoyles
  13 very ugly things
  A vampire knight (Depths:3)
  A deep elf demonologist (Vaults:5)
  3 eleionomae
  7 bunyips
  10 purple draconians (WizLab)
  A minotaur (Gauntlet)
  11 dire elephants
  A deep elf annihilator (Vaults:1)
  11 spark wasps
  6 entropy weavers
  A deep elf death mage (Vaults:1)
  The ghost of JamezByez the Cruncher, a journeyman MiBe of Trog (D:12)
  A blizzard demon (Swamp:4)
  5 ettins
  8 statues (WizLab)
  6 fire dragons
  A merfolk impaler (D:12)
  4 deep elf high priests
  8 yaktaur captains
  The ghost of Snarg the Cleaver, a journeyman DgWn (Lair:3)
  4 great orbs of eyes
  2 jiangshi (D:15)
  27 vault guards
  Erolcha (D:13)
  A rakshasa (Depths:2)
  Erica (D:10)
  4 boulder beetles
  17 hydras
  A caustic shrike simulacrum (IceCv)
  13 centaur warriors
  4 spriggan air magi
  An ogre mage (Swamp:4)
  A ghost crab (Swamp:4)
  4 ice dragons
  A catoblepas (D:15)
  10 alligators
  8 ironbound frosthearts
  An anaconda (shapeshifter) (Vaults:1)
  2 death knights
  9 deep troll earth magi
  6 two-headed ogres
  3 death yaks
  11 tengu warriors
  3 deep troll shamans
  2 vampire magi (Depths:1)
  8 hell hogs
  3 orc high priests (Orc:2)
  Urug (D:13)
  5 spriggan berserkers (Depths:2)
  Sonja (D:10)
  7 hell knights
  2 soul eaters (Depths:2)
  3 sun demons (Depths:2)
  2 iron trolls
  A death drake (Swamp:4)
  A fire crab (shapeshifter) (D:14)
  2 shadow wraiths (Depths:2)
  4 skeletal warriors
  33 deep trolls
  8 glowing orange brains
  6 goliath frogs
  8 spriggan druids
  2 spriggan riders
  4 phantasmal warriors
  An obsidian statue (IceCv)
  4 swamp dragons
  Pikel (D:4)
  5 bog bodies
  5 necromancers
  11 wizards
  8 orc knights
  A spriggan simulacrum (IceCv)
  10 lindwurms
  15 ironbound convokers
  2 deep elf pyromancers
  35 ugly things
  10 orb spiders
  7 orc sorcerers
  An oklob plant (Lair:6)
  20 wolf spiders
  3 fauns (shapeshifter)
  A mana viper (shapeshifter) (Vaults:5)
  2 manticores
  A human zombie (Vaults:4)
  3 will-o-the-wisps
  A moth of wrath (D:15)
  9 elephants
  5 cyclopes
  4 black mambas
  Maurice (D:12)
  3 molten gargoyles
  3 torpor snails
  An ice statue (Depths:2)
  An eye of devastation (shapeshifter) (Vaults:5)
  18 vault sentinels
  A gargoyle (Volcano)
  3 kobold demonologists (D:9)
  8 cane toads
  13 komodo dragons
  An unseen horror (shapeshifter) (Vaults:5)
  2 hellwings (Swamp:4)
  An efreet (D:11)
  16 tengu conjurers
  9 rime drakes
  6 demonic crawlers
  24 yaktaurs
  14 freezing wraiths
  2 anaconda simulacra (IceCv)
  2 ice devils
  A tormentor (Depths:4)
  A golden dragon simulacrum (IceCv)
  5 tyrant leeches
  23 jumping spiders
  A queen bee (D:12)
  A bloated husk (Swamp:1)
  12 hornets
  2 polar bears
  3 meliai
  5 trolls
  A slime creature (shapeshifter) (Vaults:5)
  15 slime creatures
  A raiju (Gauntlet)
  18 blink frogs
  7 dream sheep (Lair:6)
  11 spriggans
  57 redbacks
  20 tarantellas
  2 vampires
  38 yaks
  2 water elementals (Depths:1)
  7 wyverns
  7 fire bats (Volcano)
  3 dire elephant simulacra (IceCv)
  6 wraiths
  A golden eye (shapeshifter) (D:15)
  5 basilisks
  A fire elemental (Lair:5)
  A chaos spawn (Swamp:4)
  2 steam dragons
  3 minotaur simulacra (IceCv)
  Grum (D:10)
  2 wargs
  12 vampire mosquitoes
  14 swamp worms
  3 neqoxecs
  Menkaure (D:4)
  4 acid dragons
  7 harpy simulacra (IceCv)
  2 hell hounds (Lair:6)
  A floating eye (Depths:1)
  2 hydra simulacra (IceCv)
  10 water moccasins
  30 orc warriors
  A sky beast (D:6)
  A hornet zombie (D:7)
  3 black bears
  An alligator simulacrum (IceCv)
  3 necrophages
  6 ettin simulacra
  7 ogres
  11 wolves
  21 centaurs
  2 lemures (D:4)
  14 bullfrogs
  3 kobold brigands (D:9)
  2 gnoll sergeants
  A scorpion (D:4)
  A deep troll simulacrum (IceCv)
  6 water moccasin zombies
  A wyvern skeleton (D:6)
  5 killer bees (D:12)
  4 lindwurm simulacra (IceCv)
  A howler monkey (D:3)
  A crimson imp (D:5)
  10 lava snakes
  3 hounds
  4 centaur zombies
  12 orc priests
  A centaur skeleton (D:7)
  Jessica (D:2)
  13 orc wizards
  4 iguanas
  3 hell rats (Lair:1)
  2 scorpion zombies (D:5)
  2 killer bee zombies
  2 hound skeletons
  2 mummies (Ossuary)
  2 howler monkey zombies
  8 gnolls
  5 adders
  4 river rats (Lair:1)
  3 shadow imps
  2 ufetubi
  6 adder zombies (Ossuary)
  A worm (D:5)
  61 orcs
  4 ball pythons
  8 endoplasms
  2 giant cockroaches
  5 gnoll zombies (Ossuary)
  5 goblins
  9 hobgoblins
  6 jackals
  10 kobolds
  2 quokkas
  6 bats
  A frilled lizard (D:3)
  3 hobgoblin zombies (Ossuary)
  3 kobold zombies (Ossuary)
  8 orc zombies (Ossuary)
  13 rats
1435 creatures vanquished.

Vanquished Creatures (collateral kills)
  A dread lich (Vaults:5)
  A juggernaut (Depths:2)
  Nikola (Spider:1)
  3 golden dragons
  A tentacled monstrosity (Swamp:4)
  A lich (Vaults:5)
  A titan (Vaults:5)
  A thorn hunter (Swamp:4)
  A sphinx (Vaults:1)
  2 shadow dragons
  Roxanne (Swamp:2)
  2 tengu reavers
  3 fire giants
  A frost giant (Vaults:5)
  An iron dragon (Depths:2)
  3 vault wardens
  2 ghouls
  An emperor scorpion (Spider:4)
  9 ironbound preservers
  An orc warlord (Vaults:4)
  A ghost moth (Spider:4)
  A reaper (Depths:2)
  10 very ugly things
  6 stone giants
  A war gargoyle (Vaults:1)
  A black draconian (Depths:4)
  3 ironbound thunderhulks
  A deep elf annihilator (Vaults:1)
  A deep elf demonologist (Vaults:1)
  2 purple draconians (WizLab)
  3 dire elephants
  2 spark wasps
  3 entropy weavers
  A statue (WizLab)
  A green death (Swamp:4)
  3 ettins
  A crystal guardian (Vaults:4)
  2 fire dragons
  2 blizzard demons
  A merfolk impaler (Depths:1)
  A jiangshi (D:15)
  3 yaktaur captains
  3 deep elf high priests
  A peacekeeper (Vaults:4)
  The ghost of ThrustWizard the Cleaver, a journeyman DsFi of Wu Jian (Lair:1)
  5 vault guards
  A caustic shrike simulacrum (IceCv)
  5 hydras
  A rakshasa (Depths:1)
  2 boulder beetles
  An ice dragon (Depths:1)
  3 ogre magi
  3 ghost crabs
  A catoblepas (Lair:2)
  A naga warrior (D:12)
  7 centaur warriors
  3 deep troll shamans
  2 alligators
  3 death yaks
  9 tengu warriors
  5 two-headed ogres
  A hell hog (Depths:2)
  An orc high priest (Orc:2)
  5 spriggan berserkers
  A soul eater (Depths:2)
  3 skeletal warriors (Depths:2)
  2 sixfirhies (Swamp:4)
  5 iron trolls
  A deep troll (shapeshifter) (Depths:2)
  A death drake (Swamp:4)
  2 goliath frogs
  10 deep trolls
  2 bog bodies (Swamp:4)
  A swamp dragon (Swamp:3)
  2 quicksilver dragon simulacra (Depths:2)
  4 spriggan druids
  A spriggan rider (Swamp:2)
  2 lindwurms
  2 orc knights (Vaults:5)
  4 ironbound convokers
  9 orb spiders
  A will-o-the-wisp (Swamp:2)
  A salamander (Depths:4)
  11 ugly things
  8 wolf spiders
  2 black mambas
  A cyclops (D:11)
  A torpor snail (Spider:2)
  5 vault sentinels
  An unseen horror (D:10)
  5 cane toads
  10 yaktaurs
  2 rime drakes
  7 freezing wraiths
  5 komodo dragons
  5 tengu conjurers
  2 demonic crawlers
  A polar bear (Lair:2)
  A hellwing (Swamp:4)
  2 meliai (D:12)
  A troll (D:14)
  8 jumping spiders
  8 hornets
  6 blink frogs
  5 slime creatures
  29 redbacks
  11 spriggans
  A wraith (D:12)
  3 water elementals
  9 tarantellas
  8 yaks
  A fire bat (Volcano)
  A wyvern (Lair:6)
  A steam dragon (Lair:6)
  A chaos spawn (Swamp:4)
  A vampire mosquito (Swamp:4)
  3 swamp worms
  A water moccasin (Lair:6)
  2 hell hounds (Lair:6)
  A hornet zombie (D:7)
  A black bear (Lair:1)
  4 ettin simulacra
  6 orc warriors
  4 wolves
  3 centaurs
  An ogre (Vaults:5)
  A kobold brigand (D:8)
  A bullfrog (Lair:4)
  16 killer bees (D:12)
  2 lava snakes (Lair:6)
  A hound (D:6)
  4 orc priests (Orc:2)
  An iguana (D:6)
  4 orc wizards
  A worm (D:2)
  A dart slug (D:3)
  28 orcs
  A giant cockroach (D:3)
  2 goblins (D:1)
  A hobgoblin (Orc:1)
  2 kobolds
  A plant (Lair:3)
461 creatures vanquished.

Vanquished Creatures (others)
  A spectral demigod (Vaults:5)
  A fenstrider witch (Swamp:4)
  A spectral titan (Depths:2)
  A spectral sphinx (Vaults:4)
  2 spectral golden dragons
  A spectral orc (Vaults:1)
  5 very ugly thing zombies
  A quicksilver dragon zombie (Depths:3)
  A fenstrider witch zombie (Swamp:4)
  A spectral bunyip (Swamp:1)
  A vampire mage (Depths:1)
  A guardian serpent zombie (Vaults:4)
  2 titan zombies (Vaults:5)
  A spectral sixfirhy (Swamp:4)
  A tengu warrior (Depths:2)
  A spectral balrug (Depths:2)
  2 storm dragon zombies
  A spectral fire dragon (D:13)
  A swamp dragon (Swamp:4)
  3 spark wasp zombies (Depths:2)
  A golden dragon zombie (Depths:2)
  17 tengu zombies
  A wizard (Vaults:3)
  A deep elf pyromancer (Swamp:4)
  3 wolf spider zombies
  A deep elf zephyrmancer (Depths:3)
  3 goliath frog zombies
  An orb spider (Spider:1)
  2 sphinx zombies
  A shadow dragon zombie (Vaults:5)
  8 ugly thing zombies
  A frost giant zombie (Vaults:5)
  5 fire giant zombies
  4 hell hog zombies
  An iron dragon zombie (Depths:2)
  An eleionoma zombie (Swamp:4)
  A spectral blizzard demon (Swamp:4)
  A will-o-the-wisp (Swamp:4)
  5 stone giant zombies
  7 centaur zombies
  3 dire elephant zombies
  A spectral slime creature (Vaults:1)
  2 spectral soul eaters (Depths:2)
  2 spectral sun demons (Depths:2)
  6 purple draconian zombies (WizLab)
  2 ghoul zombies
  A spectral unseen horror (Vaults:5)
  3 elf zombies
  12 yaktaur zombies
  3 iron troll zombies
  A spectral mana viper (Vaults:5)
  A tengu conjurer (Depths:2)
  A death drake zombie (Swamp:4)
  3 spectral glowing orange brains
  21 redback zombies
  3 swamp worm zombies
  A meliai (Spider:2)
  3 jumping spiders (Spider:1)
  3 hydra zombies (Swamp:4)
  A troll (Vaults:5)
  9 tarantella zombies
  An ice dragon zombie (Depths:1)
  An ettin zombie (Depths:2)
  2 meliai zombies (D:12)
  A fire dragon zombie (Depths:2)
  A black mamba zombie (Lair:1)
  2 spectral ice devils
  A redback (Spider:1)
  A steam dragon (Gauntlet)
  A neqoxec (Swamp:4)
  3 two-headed ogre zombies
  2 bog body zombies
  A spectral tormentor (Depths:4)
  9 deep troll zombies
  A spectral fire bat (Volcano)
  2 orb spider zombies
  2 lindwurm zombies
  2 swamp dragon zombies
  4 blink frog zombies
  3 hornet zombies
  A wolf (Lair:2)
  2 vampire mosquito zombies
  2 spectral chaos spawn (Swamp:4)
  3 rime drake zombies
  2 komodo dragon zombies
  A spectral neqoxec (Gauntlet)
  A hell hound zombie (Lair:6)
  2 wyvern zombies (Lair:6)
  4 water moccasin zombies
  2 troll zombies
  A warg zombie (Orc:1)
  6 yak zombies
  12 spriggan zombies
  4 wolf zombies
  3 bullfrog zombies
  An orc priest (Vaults:5)
  An orc wizard (Orc:2)
  7 killer bee zombies (D:12)
  39 human zombies
  A necrophage zombie (Swamp:3)
  5 ogre zombies
  An acid dragon zombie (D:11)
  A hell rat zombie (Lair:1)
  A steam dragon zombie (Gauntlet)
  2 lava snake zombies
  An orc (D:15)
  A bat zombie (D:2)
  3 gnoll zombies
  3 river rat zombies (Lair:1)
  A goblin zombie (D:4)
  2 hobgoblin zombies (Orc:1)
  A jackal zombie (D:5)
  3 kobold zombies
  49 orc zombies
  6 rat zombies (Lair:1)
  14 demonic plants (Gauntlet)
  15 foxfires
  62 fungi
  102 plants
584 creatures vanquished.

Grand Total: 2480 creatures vanquished

Notes
Turn   | Place    | Note
-------+----------+-------------------------------------------
     0 | D:1      | blank1 the Minotaur Fighter began the quest for the Orb.
     0 | D:1      | Reached XP level 1. HP: 19/19 MP: 0/0
   298 | D:1      | Found a faded altar of an unknown god.
   298 | D:1      | Noticed a red devil
   306 | D:1      | Prayed at the altar of an unknown god.
   306 | D:1      | Became a worshipper of Yredelemnul the Dark
   306 | D:1      | Reached * piety under Yredelemnul
   383 | D:1      | Reached XP level 2. HP: 27/27 MP: 1/1
   629 | D:1      | Reached ** piety under Yredelemnul
   635 | D:1      | Found Tefuitol's Weapon Emporium.
   724 | D:1      | Reached skill level 1 in Dodging
  1150 | D:2      | Reached XP level 3. HP: 33/33 MP: 2/2
  1164 | D:2      | Reached skill level 4 in Fighting
  1175 | D:2      | Reached skill level 1 in Invocations
  1180 | D:2      | Reached XP level 4. HP: 19/40 MP: 3/3
  1511 | D:2      | Noticed Jessica
  1517 | D:2      | Killed Jessica
  1864 | D:3      | Reached skill level 1 in Spellcasting
  1864 | D:3      | Reached XP level 5. HP: 46/46 MP: 5/5
  2223 | D:3      | Found a radiant altar of Vehumet.
  2598 | D:4      | Noticed a necrophage
  2609 | D:4      | Killed a necrophage
  2610 | D:4      | Reached XP level 6. HP: 52/52 MP: 5/7
  2610 | D:4      | Reached skill level 1 in Polearms
  2671 | D:4      | Found a hazy altar of Hepliaklqana.
  2674 | D:4      | Found a glowing golden altar of the Shining One.
  2677 | D:4      | Found an iron altar of Okawaru.
  2680 | D:4      | Found a shimmering blue altar of Sif Muna.
  2680 | D:4      | Found a sparkling altar of Nemelex Xobeh.
  2683 | D:4      | Found a bloodstained altar of Trog.
  2687 | D:4      | Found a sacrificial altar of Ru.
  2735 | D:4      | Noticed Pikel
  2751 | D:4      | Killed Pikel
  2752 | D:4      | Reached *** piety under Yredelemnul
  2752 | D:4      | Reached skill level 6 in Fighting
  2752 | D:4      | Reached XP level 7. HP: 16/64 MP: 7/9
  2762 | D:4      | Found a sand-covered staircase.
  2792 | Ossuary  | Entered an ossuary
  3014 | Ossuary  | Reached skill level 7 in Fighting
  3065 | Ossuary  | Reached XP level 8. HP: 66/74 MP: 10/10
  3143 | Ossuary  | Reached skill level 8 in Fighting
  3393 | D:4      | Noticed Menkaure
  3596 | D:4      | Killed Menkaure
  3597 | D:4      | Reached skill level 5 in Polearms
  3863 | D:4      | Reached skill level 5 in Invocations
  4125 | D:5      | Entered Level 5 of the Dungeon
  4694 | D:5      | Reached skill level 5 in Armour
  4880 | D:5      | Found a shimmering altar of Xom.
  4881 | D:5      | Found a burning altar of Makhleb.
  4995 | D:6      | Reached XP level 9. HP: 80/81 MP: 11/11
  5052 | D:6      | Found Qejekk's Assorted Antiques.
  5060 | D:6      | Bought a pair of runed boots for 142 gold pieces
  5562 | D:7      | Reached skill level 9 in Fighting
  5567 | D:7      | Found a broken altar of Ashenzari.
  5686 | D:7      | Found a staircase to the Ecumenical Temple.
  5799 | D:7      | Found Podghoty's Distillery.
  6348 | D:7      | Reached skill level 10 in Fighting
  6825 | D:8      | Noticed a two-headed ogre
  6833 | D:8      | Killed a two-headed ogre
  6834 | D:8      | Reached skill level 5 in Dodging
  7338 | D:8      | Reached XP level 10. HP: 69/93 MP: 12/12
  7584 | D:9      | Noticed a sun demon
  7588 | D:9      | Noticed a smoke demon
  7592 | D:9      | Reached skill level 11 in Fighting
  7684 | D:9      | Noticed a soul eater
  7687 | D:9      | Noticed a sixfirhy
  8046 | D:9      | Noticed a cyan ugly thing
  8060 | D:9      | Killed a cyan ugly thing
  8061 | D:9      | Reached skill level 12 in Fighting
  8823 | D:9      | Found a snail-covered altar of Cheibriados.
  9022 | D:10     | Entered Level 10 of the Dungeon
  9052 | D:10     | Reached skill level 10 in Polearms
  9185 | D:10     | Noticed Erica
  9207 | D:10     | Killed Erica
  9208 | D:10     | Reached skill level 10 in Armour
  9384 | D:10     | Reached XP level 11. HP: 104/104 MP: 13/13
  9398 | D:10     | Noticed Grum
  9418 | D:10     | Killed Grum
  9421 | D:10     | Your ally Grum died
  9733 | D:10     | Found a basalt altar of Yredelemnul.
  9890 | D:10     | Noticed Sonja
  9905 | D:10     | Killed Sonja
 10096 | D:11     | Found a broken altar of Ashenzari.
 10483 | D:11     | Noticed a five-headed hydra
 10490 | D:11     | Noticed a two-headed ogre
 10512 | D:10     | Killed a five-headed hydra
 10745 | D:11     | Killed a two-headed ogre
 10978 | D:11     | Noticed a two-headed ogre
 10988 | D:11     | Killed a two-headed ogre
 11049 | D:11     | Found a flickering gateway to a bazaar.
 11058 | Bazaar   | Entered a bazaar
 11058 | Bazaar   | Found Lepu's Magic Scroll Boutique.
 11074 | Bazaar   | Found Zerghuby's Antique Weapon Emporium.
 11085 | Bazaar   | Found Wugruol's Jewellery Boutique.
 11096 | Bazaar   | Found Xottorhu's General Store.
 11104 | Bazaar   | Found Cemuadwi's Antique Armour Shoppe.
 11112 | Bazaar   | Bought a pair of embroidered gloves for 150 gold pieces
 11162 | Bazaar   | Bought a scroll of enchant weapon for 52 gold pieces
 11162 | Bazaar   | Bought a scroll of enchant weapon for 52 gold pieces
 11162 | Bazaar   | Bought a scroll of identify for 14 gold pieces
 11162 | Bazaar   | Bought a scroll of identify for 14 gold pieces
 11164 | Bazaar   | Bought a scroll of identify for 14 gold pieces
 11353 | D:11     | Noticed a two-headed ogre
 11361 | D:11     | Killed a two-headed ogre
 11765 | D:11     | Noticed a purple ugly thing
 11765 | D:11     | Noticed a white ugly thing
 11803 | D:11     | Killed a white ugly thing
 11847 | D:11     | Killed a purple ugly thing
 11848 | D:11     | Reached skill level 13 in Fighting
 12185 | D:11     | Found a staircase to the Lair.
 12550 | Lair:1   | Entered Level 1 of the Lair of Beasts
 12637 | Lair:1   | Found a transporter.
 12639 | Lair:1   | Noticed ThrustWizard's ghost (journeyman DsFi)
 12649 | Lair:1   | Found a transporter.
 12681 | Lair:1   | Reached XP level 12. HP: 113/115 MP: 16/16
 12729 | Lair:1   | Reached **** piety under Yredelemnul
 12756 | Lair:1   | Reached skill level 14 in Fighting
 12768 | Lair:1   | Reached ***** piety under Yredelemnul
 12957 | Lair:1   | Reached ****** piety under Yredelemnul
 12989 | Lair:1   | Reached skill level 15 in Fighting
 13238 | Lair:1   | Killed ThrustWizard's ghost
 13294 | Lair:2   | Noticed Gastronok
 13473 | Lair:2   | Noticed a catoblepas
 13498 | Lair:2   | Killed a catoblepas
 13562 | Lair:2   | Killed Gastronok
 13652 | Lair:2   | Reached skill level 16 in Fighting
 13726 | Lair:2   | Noticed a five-headed hydra
 13760 | Lair:2   | Killed a five-headed hydra
 13777 | Lair:2   | Reached XP level 13. HP: 86/129 MP: 18/18
 14198 | Lair:3   | Found the +9 scales of the Dragon King {rPois rF+ rC+
                  | Will+}
 14223 | Lair:3   | Found a dark tunnel.
 14232 | Volcano  | Entered a volcano
 14427 | Volcano  | Found a bloodstained altar of Trog.
 14590 | Lair:3   | Found a gate leading to a gauntlet.
 14606 | Gauntlet | Entered a Gauntlet
 14606 | Gauntlet | Found a transporter.
 14606 | Gauntlet | Found a transporter.
 14616 | Gauntlet | Found a transporter.
 14616 | Gauntlet | Found a transporter.
 14626 | Gauntlet | Found a transporter.
 14645 | Gauntlet | Found a transporter.
 14655 | Gauntlet | Found a transporter.
 14655 | Gauntlet | Found a transporter.
 14662 | Gauntlet | Found a transporter.
 14691 | Gauntlet | Found a transporter.
 14696 | Gauntlet | Noticed a cacodemon
 14698 | Gauntlet | Found a transporter.
 14718 | Gauntlet | Found a transporter.
 14751 | Gauntlet | Found a transporter.
 14765 | Gauntlet | Found a transporter.
 14765 | Gauntlet | Found the +2 shield of Resistance {rF++ rC++ Will++}
 14865 | Gauntlet | Found a transporter.
 14879 | Gauntlet | Found a transporter.
 14984 | Gauntlet | Reached skill level 17 in Fighting
 15061 | Gauntlet | Gained mutation: You are frail. (-10% HP) [a cacodemon]
 15062 | Gauntlet | Gained mutation: You sometimes lose the ability to read
                  | scrolls when taking damage. [a cacodemon]
 15066 | Gauntlet | Killed a cacodemon
 15067 | Gauntlet | Gained mutation: You are clumsy. (Dex -2) [a neqoxec]
 15067 | Gauntlet | Gained mutation: Your system is resistant to poisons.
                  | (rPois) [a neqoxec]
 15094 | Gauntlet | Lost mutation: Your system is resistant to poisons. (rPois)
                  | [potion of mutation]
 15094 | Gauntlet | Lost mutation: You sometimes lose the ability to read
                  | scrolls when taking damage. [potion of mutation]
 15094 | Gauntlet | Gained mutation: You sometimes lose the ability to read
                  | scrolls when taking damage. [potion of mutation]
 15094 | Gauntlet | Gained mutation: Your spells are a little harder to cast,
                  | but a little more powerful. [potion of mutation]
 15094 | Gauntlet | Gained mutation: You expend magic power (3 MP) to
                  | strengthen your wands. [potion of mutation]
 15095 | Gauntlet | Lost mutation: You are frail. (-10% HP) [potion of
                  | mutation]
 15095 | Gauntlet | Lost mutation: You sometimes lose the ability to read
                  | scrolls when taking damage. [potion of mutation]
 15095 | Gauntlet | Gained mutation: Your flesh is cold resistant. (rC+)
                  | [potion of mutation]
 15095 | Gauntlet | Gained mutation: You have supernaturally acute eyesight.
                  | (SInv) [potion of mutation]
 15095 | Gauntlet | Gained mutation: You are robust. (+10% HP) [potion of
                  | mutation]
 15110 | Gauntlet | Identified the +9 rapier "Tyr Aqy" {vorpal, Str+2 Int+3
                  | Stlth-}
 15110 | Gauntlet | Identified the +0 buckler of the Ageless Yaks {Rampage rC+
                  | Regen+}
 15110 | Gauntlet | Identified the ring "Xako Jabra" {Wiz rElec Str+3 Int+2
                  | Stlth+}
 15110 | Gauntlet | Noticed a minotaur
 15127 | Gauntlet | Killed a minotaur
 15132 | Gauntlet | Identified the +0 robe of an ice cave {Str+2}
 15133 | Gauntlet | Got the Compendium of the Onion
 15258 | Lair:3   | Paralysed by a floating eye for 2 turns
 15403 | Lair:3   | Found a runed translucent gate.
 15404 | Lair:3   | Found a runed translucent gate.
 15405 | Lair:3   | Found a runed translucent gate.
 15405 | Lair:3   | Noticed Snarg's ghost (journeyman DgWn)
 15455 | Lair:3   | Killed Snarg's ghost
 15472 | Lair:3   | Reached skill level 18 in Fighting
 15651 | Lair:3   | Found a staircase to the Swamp.
 15816 | Lair:3   | Paralysed by a floating eye for 2 turns
 15821 | Lair:3   | Paralysed by a floating eye for 2 turns
 15868 | Lair:3   | Paralysed by a floating eye for 3 turns
 15874 | Lair:3   | Paralysed by a floating eye for 4 turns
 16004 | Lair:4   | Reached skill level 19 in Fighting
 16066 | Lair:4   | Reached skill level 20 in Fighting
 16297 | Lair:4   | Found a hole to the Spider Nest.
 16542 | Lair:5   | Reached XP level 14. HP: 163/163 MP: 19/19
 16576 | Lair:5   | Reached skill level 21 in Fighting
 16979 | Lair:5   | Reached skill level 10 in Invocations
 17286 | Lair:6   | Entered Level 6 of the Lair of Beasts
 17792 | Lair:6   | Found a staircase to the Slime Pits.
 18023 | Lair:6   | Found a large runed translucent door.
 18023 | Lair:6   | Found a large runed translucent door.
 19058 | D:12     | Reached XP level 15. HP: 116/176 MP: 23/23
 19338 | D:12     | Reached skill level 22 in Fighting
 19363 | D:12     | Found a staircase to the Orcish Mines.
 19539 | D:12     | Noticed Maurice
 19543 | D:12     | Killed Maurice
 19562 | D:12     | Found a runed translucent gate.
 19562 | D:12     | Found a runed translucent gate.
 19562 | D:12     | Found a runed translucent gate.
 19564 | D:12     | Noticed JamezByez's ghost (journeyman MiBe)
 19567 | D:12     | Found an iron altar of Okawaru.
 19587 | D:12     | Your ally Maurice died
 19592 | D:12     | Killed JamezByez's ghost
 19598 | D:12     | Got Usuijaobbu's Grimoire of Confrontation
 19810 | D:13     | Noticed Rupert
 19820 | D:13     | Killed Rupert
 19951 | D:13     | Found Katt's Weapon Shoppe.
 20033 | D:13     | Noticed Urug
 20042 | D:13     | Your ally Rupert died
 20046 | D:13     | Killed Urug
 20128 | D:13     | Noticed Erolcha
 20132 | D:13     | Killed Erolcha
 20390 | D:13     | Reached skill level 23 in Fighting
 20659 | D:14     | Found a white marble altar of Elyvilon.
 20815 | D:14     | Reached skill level 15 in Armour
 21166 | D:14     | Found a gate to the Vaults.
 21457 | D:15     | Entered Level 15 of the Dungeon
 21850 | D:15     | Reached XP level 16. HP: 189/189 MP: 24/24
 21885 | D:15     | Found a radiant altar of Vehumet.
 21994 | D:15     | Found Maeggyth's Armour Shoppe.
 22001 | D:15     | Found a staircase to the Depths.
 22090 | D:15     | Found a portal to a secret trove of treasure.
 22440 | Orc:1    | Entered Level 1 of the Orcish Mines
 22544 | Orc:2    | Entered Level 2 of the Orcish Mines
 23180 | Orc:2    | Noticed jejorda2's ghost (adept GrBe)
 23186 | Orc:2    | Found a transporter.
 23347 | Orc:2    | Reached skill level 10 in Dodging
 23449 | Orc:2    | Found a bloodstained altar of Trog.
 23491 | Orc:2    | Found a staircase to the Elven Halls.
 23721 | Orc:2    | Found a transporter.
 24085 | Orc:2    | Found Yfre's Antique Weapon Shop.
 24085 | Orc:2    | Found Deciz's Magic Scroll Shoppe.
 24088 | Orc:2    | Found Doemiset's Armour Shop.
 24088 | Orc:2    | Found Tyeq's Assorted Antiques.
 24322 | Spider:1 | Entered Level 1 of the Spider Nest
 24344 | Spider:1 | Noticed Nikola
 24509 | Spider:1 | Reached skill level 5 in Shields
 24521 | Spider:1 | Killed Nikola
 25621 | Spider:3 | Found a frozen archway.
 25964 | IceCv    | Entered an ice cave
 26055 | IceCv    | Reached skill level 10 in Shields
 26137 | IceCv    | Reached XP level 17. HP: 196/196 MP: 25/25
 26237 | IceCv    | Found an ancient bone altar of Kikubaaqudgha.
 26462 | IceCv    | Noticed a lich
 26470 | IceCv    | Killed a lich
 27203 | Spider:4 | Entered Level 4 of the Spider Nest
 27680 | Spider:4 | Upgraded the game from 0.28-a0-1159-g27aa881441 to
                  | 0.28-a0-1182-g381e24db82
 28083 | Spider:4 | Reached skill level 24 in Fighting
 28288 | Spider:4 | Got a gossamer rune of Zot
 28569 | Swamp:1  | Entered Level 1 of the Swamp
 29103 | Swamp:1  | Reached XP level 18. HP: 201/209 MP: 27/27
 29436 | Swamp:1  | Reached XP level 19. HP: 217/217 MP: 28/28
 29482 | Swamp:2  | Noticed Roxanne
 29498 | Swamp:2  | Killed Roxanne
 29922 | Swamp:2  | Found an ornate altar of the Wu Jian Council.
 29948 | Swamp:2  | Reached skill level 15 in Polearms
 30252 | Swamp:2  | Found a runed translucent door.
 30252 | Swamp:2  | Noticed Kacaoki's ghost (adept MiBe)
 30290 | Swamp:2  | Killed Kacaoki's ghost
 30477 | Swamp:3  | Reached skill level 15 in Shields
 30691 | Swamp:3  | Identified the +2 trident of the Shining Light {elec, *Rage
                  | Will+ Str+4}
 30868 | Swamp:3  | Identified the +12 falchion of Carchus {distort, Fly rC+++
                  | Will++ Stlth-}
 30871 | Swamp:3  | Identified a scroll of acquirement
 30873 | Swamp:3  | Acquired a manual of Maces & Flails
 31246 | Swamp:4  | Entered Level 4 of the Swamp
 31695 | Swamp:4  | Reached skill level 15 in Dodging
 31745 | Swamp:4  | Identified the +12 flail of Mana {flame, *Slow +Blink rPois
                  | Will+}
 31849 | Swamp:4  | Identified the +0 leather armour "Zannyr" {Str+7 Int+4}
 32028 | Swamp:4  | Got a decaying rune of Zot
 32340 | Vaults:1 | Entered Level 1 of the Vaults
 32365 | Vaults:1 | Reached XP level 20. HP: 227/227 MP: 29/29
 32811 | Vaults:1 | Reached skill level 15 in Invocations
 32913 | Vaults:1 | Reached skill level 25 in Fighting
 33123 | Vaults:1 | Found Wewouth's Antique Armour Emporium.
 33167 | Vaults:1 | Found a huge runed gate.
 33167 | Vaults:1 | Found a huge runed gate.
 33167 | Vaults:1 | Found a huge runed gate.
 33167 | Vaults:1 | Found a huge runed gate.
 33167 | Vaults:1 | Found a huge runed gate.
 33167 | Vaults:1 | Found a huge runed gate.
 33168 | Vaults:1 | Found a huge runed gate.
 33168 | Vaults:1 | Found a huge runed gate.
 33168 | Vaults:1 | Found a huge runed gate.
 33168 | Vaults:1 | Found a huge runed gate.
 33168 | Vaults:1 | Found a huge runed gate.
 33311 | Vaults:1 | Found a huge runed gate.
 33312 | Vaults:1 | Found a huge runed gate.
 33313 | Vaults:1 | Found a huge runed gate.
 33314 | Vaults:1 | Found a huge runed gate.
 33315 | Vaults:1 | Found a huge runed gate.
 33323 | Vaults:1 | Found a huge runed gate.
 33323 | Vaults:1 | Found a huge runed gate.
 33323 | Vaults:1 | Found a huge runed gate.
 33323 | Vaults:1 | Found a huge runed gate.
 33323 | Vaults:1 | Found a huge runed gate.
 33323 | Vaults:1 | Found a huge runed gate.
 33324 | Vaults:1 | Found a huge runed gate.
 33325 | Vaults:1 | Found a huge runed gate.
 33326 | Vaults:1 | Found a huge runed gate.
 33334 | Vaults:1 | Found a huge runed gate.
 33334 | Vaults:1 | Found a huge runed gate.
 33334 | Vaults:1 | Found a huge runed gate.
 33334 | Vaults:1 | Found a huge runed gate.
 33334 | Vaults:1 | Found a huge runed gate.
 33334 | Vaults:1 | Found a huge runed gate.
 33335 | Vaults:1 | Found a huge runed gate.
 33336 | Vaults:1 | Found a huge runed gate.
 33337 | Vaults:1 | Found a huge runed gate.
 33345 | Vaults:1 | Found a huge runed gate.
 33345 | Vaults:1 | Found a huge runed gate.
 33408 | Vaults:1 | Identified the +8 plate armour of the Monk {+Inv rF- rN++
                  | Will+}
 34715 | Vaults:2 | Reached XP level 21. HP: 237/238 MP: 32/32
 35211 | Vaults:2 | Acquired 1052 gold pieces
 35322 | Vaults:3 | Found a flickering gateway to a bazaar.
 35331 | Bazaar   | Entered a bazaar
 35345 | Bazaar   | Found Yromiuq's Book Shoppe.
 35361 | Bazaar   | Found Fusm's Armour Shoppe.
 36045 | Vaults:3 | Found a staircase to the Crypt.
 36350 | Vaults:3 | Noticed Sojobo
 36375 | Vaults:3 | Paralysed by an air elemental for 1 turns
 36383 | Vaults:3 | Paralysed by an air elemental for 1 turns
 36391 | Vaults:3 | Killed Sojobo
 36930 | Vaults:4 | Noticed Aizul
 36947 | Vaults:4 | Killed Aizul
 36948 | Vaults:4 | Noticed an ancient lich
 36958 | Vaults:4 | Killed an ancient lich
 36960 | Vaults:4 | Your ally Aizul died
 37087 | Vaults:4 | Noticed Xtahua
 37099 | Vaults:4 | Killed Xtahua
 37212 | Vaults:4 | Identified the +1 chain mail "Jeciv" {Stlth+}
 37382 | Vaults:4 | Noticed Frederick
 37389 | Vaults:4 | Killed Frederick
 37389 | Vaults:4 | Enslaved Frederick
 37859 | Vaults:4 | Identified the +4 chain mail of Negligence {MP+9}
 37909 | Vaults:5 | Entered Level 5 of the Vaults
 37939 | Vaults:5 | Your ally Frederick died
 37977 | Vaults:4 | Reached XP level 22. HP: 99/248 MP: 33/33
 38116 | Vaults:4 | Paralysed by a floating eye for 2 turns
 38126 | Vaults:4 | Paralysed by a floating eye for 2 turns
 38556 | Vaults:5 | Noticed a golden dragon
 38563 | Vaults:5 | Killed a golden dragon
 38565 | Vaults:5 | Upgraded the game from 0.28-a0-1182-g381e24db82 to
                  | 0.28-a0-1184-g53156a8862
 38951 | Vaults:5 | Noticed a golden dragon
 38958 | Vaults:5 | Killed a golden dragon
 39090 | Vaults:5 | Reached skill level 26 in Fighting
 39143 | Vaults:5 | Noticed a dread lich
 39152 | Vaults:5 | Noticed a dread lich
 39154 | Vaults:5 | Killed a dread lich
 39168 | Vaults:5 | Killed a dread lich
 39383 | Vaults:5 | Reached skill level 27 in Fighting
 39537 | Vaults:5 | Got the Collected Works on the Dusty Oath
 39609 | Vaults:5 | Noticed a golden dragon
 39618 | Vaults:5 | Killed a golden dragon
 39630 | Vaults:5 | Got a silver rune of Zot
 39696 | Vaults:5 | Got the Reference Book on Shape Shifting
 40023 | Depths:1 | Entered Level 1 of the Depths
 40065 | Depths:1 | Noticed Saint Roka
 40305 | D:15     | Killed Saint Roka
 40516 | Depths:1 | Reached XP level 23. HP: 242/264 MP: 34/34
 40559 | Depths:1 | Found a one-way gateway to a ziggurat.
 40701 | Depths:1 | Found a gateway to Hell.
 41384 | Depths:2 | Found an ancient bone altar of Kikubaaqudgha.
 41393 | Depths:2 | Found a one-way gate leading to the halls of Pandemonium.
 41402 | Depths:2 | Noticed a caustic shrike
 41402 | Depths:2 | Noticed a caustic shrike
 41402 | Depths:2 | Noticed a caustic shrike
 41713 | Depths:2 | Found a blossoming altar of Fedhas.
 41808 | Depths:2 | Found an ornate altar of the Wu Jian Council.
 41882 | Depths:2 | Found a shimmering altar of Xom.
 41882 | Depths:2 | Found a one-way gate to the infinite horrors of the Abyss.
 42334 | Depths:2 | Noticed a juggernaut
 42352 | Depths:2 | Killed a juggernaut
 42712 | Depths:3 | Found a magical portal.
 42718 | WizLab   | Entered Iskenderun's Mystic Tower
 43268 | WizLab   | Got Iskenderun's Almanac of Conjuration
 43268 | WizLab   | Got Iskenderun's Handbook of Conjuration
 43305 | WizLab   | Got the Incunabulum of Aerial Combat Magic
 43305 | WizLab   | Got Sif Muna's Papyrus of Creative Intoxication
 43393 | Depths:3 | Reached XP level 24. HP: 273/273 MP: 35/35
 43649 | Depths:3 | Found a corrupted altar of Lugonu.
 44265 | Depths:4 | Entered Level 4 of the Depths
 44443 | Depths:4 | Identified the +1 shadow dragon scales of Ponoh {Harm
                  | Rampage rElec MP-9 Stlth++++}
 44443 | Depths:4 | Identified the +3 longbow of Tumult {vorpal, rN+ SInv}
 44467 | Depths:4 | Slain by a deep elf blademaster

Illustrated notes

Levels and vault maps discovered:
D:1:      dpeg_arrival_erosion, layout_basic,
          dreamdust_ecumenical_altar_sealed_demon, serial_shops,
          nicolae_shop_advertising_works [nicolae_subvault_shop_adworks],
          serial_park_tiny_2, minmay_misc_feat_alley
D:2:      minmay_general_purpose_star, layout_rooms, uniq_jessica
D:3:      layout_loops_ring, mainiacjoe_overflow_surrounded_room,
          amcnicky_mini_rare_corridor_liquid, serial_bayou_lake_a
D:4:      layout_rooms, nicolae_overflow_hallway_of_the_gods,
          nicolae_ossuary_entry_ruins, serial_forest,
          infiniplex_forest_lined_corner, infiniplex_forest_end_double,
          infiniplex_forest_clump_tiny, infiniplex_forest_fountain,
          infiniplex_forest_straight_2, infiniplex_forest_clump_small,
          infiniplex_forest_join, saegor_snake_ambush, uniq_pikel, uniq_menkaure
D:5:      layout_rooms, grunt_temple_overflow_champion_of_chaos,
          minmay_small_thing
D:6:      layout_cave_pools, serial_shops, shop
D:7:      layout_basic, nicolae_ashenzari_panopticon, minmay_temple_entry_ruins,
          serial_shops, nicolae_shop_waterfront
D:8:      layout_rooms
D:9:      layout_roguey, chei_slow_surprise, kennysheep_minor_cross, st_stairs_7
D:10:     layout_roguey, kennysheep_mini, uniq_grum, uniq_sonja, uniq_erica
D:11:     layout_layer_cave, lair_entry_dummy, serial_shops, bzr_entry_lakeside,
          minmay_ruined_shrine
D:12:     layout_roguey [special_room_bee], david_orc_5,
          gammafunk_ghost_fury_of_okawaru, kennysheep_generic_room_12,
          uniq_maurice
D:13:     layout_loops_ring, serial_shops, nicolae_take_the_stairs,
          hangedman_decor_peaks_small, uniq_erolcha, uniq_rupert, uniq_urug
D:14:     layout_loops_ring, david_vaults_1, elyvilon_altar_4
D:15:     grunt_enter_depths_giant_problem, layout_loops_cross,
          nicolae_trove_entry_diagonal, serial_shops, shop, vehumet_crystals,
          worms_lemuel
Lair:1:   layout_cave_shapes, gammafunk_ghost_arena, kennysheep_abandoned_house
Lair:2:   layout_gridlike, serial_bayou_pond_a, serial_bayou_shore_b,
          grunt_megastairs_3, infiniplex_staircase_pool_2, uniq_gastronok
Lair:3:   layout_hall_layers, skrybe_swamp_entry_bodies, enter_volcano_1,
          gammafunk_ghost_hydra_chop, gauntlet_entry_generic, disabler_island,
          serial_bayou_shore_b
Lair:4:   layout_long_grid, dummy_spider_entry, hangedman_lair_unloving_vines,
          chequers_serial_rivers_micro_e
Lair:5:   layout_gridlike
Lair:6:   cheibrodos_lair_end_hotspot, layout_cave_pods,
          minmay_slime_entry_oklob_enclosed
Swamp:1:  nicolae_swamp_secret_spriggan_hideout, layout_basic_swamp,
          nicolae_swamp_very_dense_foliage, nicolae_swamp_tree_designs,
          infiniplex_staircase_pool
Swamp:2:  layout_basic_swamp, ebering_ghost_inner_flame, nicolae_swamp_godswood,
          swamp_pool2, ldierk_geyser, uniq_roxanne
Swamp:3:  layout_basic_swamp, nicolae_swamp_little_tower, swamp_pool4
Swamp:4:  nzn_swamp_witches_coven, layout_basic_swamp
Spider:1: layout_spider_delve, uniq_nikola
Spider:2: layout_spider_delve, drop_trap
Spider:3: layout_spider_delve, portal_ice_cave_entry_pillars_1
Spider:4: spider_rune_water, drop_trap, nicolae_spider_nook
Orc:1:    cheibrodos_orc_bank, layout_caves
Orc:2:    grunt_orc_tribal_feast, layout_caves,
          gammafunk_ghost_wrathful_warriors, lemuel_statue_altar
Vaults:1: nicolae_vaults_mini_display_case, vaults_mumra_minichess,
          vaults_room_stairs_pillars, v_misc_10, door_vault,
          hangedman_vaults_unwind, nicolae_vaults_little_squares_6,
          vaults_dpeg_hooks, ontoclasm_vaults_eye, grunt_vaults_funnel,
          layout_vaults_big_room, serial_shops, shop
Vaults:2: hangedman_vaults_capsules, v_misc_15, st_lattice,
          hangedman_vaults_locks, hangedman_vaults_snaps, v_misc_30,
          ontoclasm_vaults_chip, v_misc_27, layout_vaults_omnigrid
Vaults:3: nicolae_vaults_rhombus_7, vaults_room_fancy_cross,
          hangedman_vaults_restitches, minmay_crypt_entry_nasty_monster,
          ontoclasm_vaults_idyll, vaults_room_fours,
          hangedman_vaults_river_flow, nicolae_vaults_network_quincunx
          [nicolae_vaults_network_quincunx_subvault,
          nicolae_vaults_network_quincunx_subvault,
          nicolae_vaults_network_quincunx_subvault,
          nicolae_vaults_network_quincunx_subvault,
          nicolae_vaults_network_quincunx_subvault],
          nicolae_vaults_yaktaur_gun_rack, hangedman_vaults_hat, v_misc_14,
          layout_vaults_big_cross, serial_shops, bzr_firewalk, uniq_sojobo
Vaults:4: st_octagons_2, nicolae_vaults_little_ls, v_misc_23, v_misc_26,
          hangedman_vaults_trim, nicolae_vaults_big_angled_halls,
          dpeg_vaults_monster_row, v_misc_32, hangedman_vaults_variations,
          ontoclasm_vaults_decontamination, v_misc_4, layout_vaults_maze_snakey,
          uniq_xtahua, uniq_frederick, uniq_aizul
Vaults:5
Depths:1: layout_cave_shapes, enter_ziggurat_e, hangedman_coc_ice_floe,
          onia_ninara_cookie, serial_bayou_shore_a, uniq_saint_roka
Depths:2: grunt_profane_halls [grunt_profane_temple_dis,
          grunt_profane_temple_coc, grunt_profane_temple_geh,
          grunt_profane_temple_tar, grunt_profane_loot], hell_entry,
          abyss_entry, pan_entry
Depths:3: hangedman_elemental_death_ray, layout_gridville,
          abyss_entry_flame_altar, hell_entry, mu_enter_wizlab_4,
          kennysheep_random_hallway
Depths:4: grunt_x_marks_the_spot, layout_cave_pools, minmay_misc_feat_roman,
          hell_entry, beargit_elvish_explorers, uniq_boris

Skill      XL: |  1  2  3  4  5  6  7  8  9 10 11 12 13 14 15 16 17 18 19 20 21 22 23 24 |
---------------+-------------------------------------------------------------------------+-----
Dodging        | 1 2 3 4 5 8 9 12 15 17 20 21 | 21.0
Shields        | 4 10 12 14 15 16 | 16.0
Fighting       | 4 6 7 8 10 12 13 16 20 21 23 24 25 27 | 27.0
Armour         | 4 6 8 10 12 15 17 19 20 22 23 25 26 | 26.5
Maces & Flails | 3 4 |  4.0
Invocations    | 1 2 3 4 5 7 9 12 13 14 16 18 | 18.0
Spellcasting   | 1 |  1.0
Polearms       | 4 6 8 10 12 14 15 | 15.0

Action                   |  1- 3 |  4- 6 |  7- 9 | 10-12 | 13-15 | 16-18 | 19-21 | 22-24 || total
-------------------------+-------+-------+-------+-------+-------+-------+-------+-------++-------
Melee: Flail             |    24 |       |       |       |       |       |       |       ||    24
       Headbutt          |     9 |    17 |    79 |   139 |   249 |   259 |   466 |   478 ||  1696
       Spear             |    38 |    91 |   349 |   640 |   126 |       |       |       ||  1244
       Demon trident     |       |       |       |       |   832 |  1099 |  1600 |  1445 ||  4976
Throw: Throwing net      |       |       |       |       |       |       |     1 |     1 ||     2
Invok: Recall Undead Har |       |     2 |     1 |     1 |     2 |       |     3 |       ||     9
       Dark Bargain      |       |       |     1 |     1 |       |       |     1 |     2 ||     5
       Bind Soul         |       |       |       |       |     2 |     2 |     3 |     3 ||    10
       Drain Life        |       |       |       |       |       |       |     1 |     1 ||     2
Evoke: Wand              |       |       |       |       |       |       |       |     1 ||     1
  Use: Potion            |       |     1 |       |       |     3 |     5 |       |     3 ||    12
       Scroll            |       |       |    17 |     5 |    12 |     5 |     5 |     7 ||    51
 Stab: Distracted        |       |       |       |     4 |    14 |    13 |    19 |    22 ||    72
       Petrified         |       |       |       |     1 |     1 |       |       |       ||     2
       Invisible         |       |       |       |       |     2 |       |       |       ||     2
       Held in net/web   |       |       |       |       |       |     1 |       |       ||     1
       Paralysed         |       |       |       |       |       |       |    10 |       ||    10
       Confused          |       |       |       |       |       |       |     1 |       ||     1
Armor: Scale mail        |    10 |    20 |    24 |       |       |       |       |       ||    54
       Chain mail        |       |       |    35 |       |       |       |       |       ||    35
       Plate armour      |       |       |    13 |   205 |     6 |       |       |       ||   224
       Gold dragon scale |       |       |       |       |   436 |   804 |   529 |   559 ||  2328
Dodge: Dodged            |    22 |    24 |    82 |   148 |   179 |   443 |   414 |   552 ||  1864
Block: Buckler           |    17 |    17 |    30 |    94 |    13 |       |       |       ||   171
       Kite shield       |       |       |       |       |   275 |   640 |   664 |   755 ||  2334
       Tower shield      |       |       |       |       |    37 |       |       |       ||    37

Table legend: (Time is in decaauts)
 A = Elapsed time spent in this place.
 B = Non-inter-level travel time spent in this place.
 C = Inter-level travel time spent in this place.
 D = Time resting spent in this place.
 E = Time spent auto-exploring this place.
 F = Levels seen in this place.
 G = Mean time per level.
                   A        B        C        D        E       F      G
               +--------+--------+--------+--------+--------+-----+--------+
         Total |  42408 |  39965 |   2443 |   3601 |  24767 |  47 |  902.3 |
       Dungeon |  15830 |  14869 |    961 |   1937 |  10413 |  15 | 1055.3 |
          Lair |   5480 |   4989 |    491 |    125 |   3483 |   6 |  913.3 |
         Swamp |   3327 |   3102 |    225 |    143 |   2029 |   4 |  831.8 |
   Spider Nest |   3238 |   2984 |    254 |    384 |   1439 |   4 |  809.5 |
  Orcish Mines |   1685 |   1561 |    124 |     98 |   1022 |   2 |  842.5 |
        Vaults |   6912 |   6638 |    274 |    395 |   3918 |   5 | 1382.4 |
        Depths |   3093 |   2981 |    112 |     93 |   1327 |   4 |  773.2 |
        Bazaar |    187 |    187 |      0 |      0 |    130 |   2 |   93.5 |
       Ossuary |    565 |    565 |      0 |    197 |    245 |   1 |  565.0 |
      Ice Cave |    654 |    654 |      0 |    106 |    226 |   1 |  654.0 |
       Volcano |    294 |    294 |      0 |      0 |    146 |   1 |  294.0 |
        Wizlab |    550 |    550 |      0 |     78 |    111 |   1 |  550.0 |
      Gauntlet |    589 |    589 |      0 |     45 |    278 |   1 |  589.0 |
               +--------+--------+--------+--------+--------+-----+--------+

Top non-repeatable levels by time:
    D:11: 1783 daAuts
Vaults:4: 1610 daAuts
    D:10: 1599 daAuts
Vaults:1: 1428 daAuts
  Lair:6: 1420 daAuts
     D:9: 1379 daAuts
Vaults:5: 1355 daAuts
Vaults:2: 1321 daAuts
Depths:2: 1264 daAuts
    D:15: 1236 daAuts
Vaults:3: 1195 daAuts
     D:4: 1150 daAuts
     D:8: 1031 daAuts
    D:12: 1021 daAuts
 Swamp:2: 1009 daAuts
